Unix NetHack Version 5.0.0-0 post-release - last build May 31 2026 23:59:36 (970b52f25bf058293b47ddfd14a1e40e571c508c,branch:main).

Game began 2026-06-06 02:03:25, ended 2026-06-07 19:09:23.

Kwijibo4686, neutral female human Valkyrie

   ------------  ----- -----  ------------                 -----------
   |..........|  |.(.| |..{|  |..........|      ------     +.........|
   |...........# |...---...| #|..........-######.....|#    |.........|
   |..........|# |..........##-..........|      |.....#####----......|
   |..........|##---....<--- #|..........|      |....|#    ----|------
   |..........| #  |......####|..........|      |....|         ######
   |..........| #---.....---  |....>.....|      |...>|              #
   ------------ #..........|  ------------      ------              ##
                 |...---...|                                         ##
                 |...| |...|                                          #
                 ----- -----                                          #
                                                                      .
                                                                      .|
                                                                     !%|
                                                                     ((|
                                                                    ----

Kwijibo4686 the Stripling   St:18/01 Dx:15 Co:16 In:10 Wi:11 Ch:7  Neutral
Dlvl:2  $:0  HP:0(26) Pw:3(3) AC:4  Xp:2 T:525 

Latest messages:
 The gnome hits!
 You miss the gnome.
 The gnome swings his aklys.
 The gnome hits!
 You miss the gnome.
 You kill the gnome!
 The gnome lord picks up an aklys.
 You hit the gnome lord!
 The gnome lord wields an aklys!
 The gnome lord secures the tether on the aklys.
 You miss the gnome lord.
 The gnome lord swings his aklys.
 The gnome lord hits!
 The little dog misses the gnome lord.
 The little dog bites the gnome lord.
 The gnome lord swings his aklys at the little dog.
 The gnome lord misses the little dog.
 The gnome lord picks up 2 tripe rations.
 The little dog bites it.
 Your little dog eats a tripe ration.
 You climb up the stairs.
 The door opens.
 o - an emerald ring.
 The door opens.
 Something is written here in the dust.
 You read: "Closed for inventory".
 This door is locked.
 This door is locked.
 This door is locked.
 This door is locked.
 This door is locked.
 This door is locked.
 This door is locked.
 In what direction? 2
 As you kick the door, it crashes open!
 Akureyri appears next to you!
 "How dare you break my door?"
 Akureyri zaps an aluminum wand!
 The wand misses you.
 What do you want to drink? [gjn or ?*] <space>
 Never mind.
 You hear a nearby zap.
 The magic missile whizzes by you!
 The magic missile bounces!
 The magic missile hits you!
 Akureyri zaps a zinc wand!
 The magic missile hits you!
 You die...
 Akureyri comes and takes all your possessions.
 Do you want to see what you had when you died? [ynq] (y) q

Inventory:
 Weapons  (')')
  b - a +0 dagger (alternate weapon; not wielded)
  a - a +1 spear (weapon in right hand)
 Armor    ('[')
  c - an uncursed +3 small shield (being worn)
  l - an uncursed +0 leather armor (being worn)
 Comestibles  ('%')
  f - an uncursed cram ration
  d - 3 uncursed food rations
  i - 3 uncursed lichen corpses
 Scrolls  ('?')
  m - an uncursed scroll of confuse monster
  h - an uncursed scroll of remove curse
 Potions  ('!')
  j - an uncursed potion of full healing
  g - a cursed potion of gain energy
  n - an uncursed potion of monster detection
 Rings    ('=')
  o - an uncursed ring of regeneration
 Tools    ('(')
  k - a cursed figurine of an air elemental
  e - an uncursed oil lamp

Kwijibo4686 the Valkyrie's attributes:

Background:
 You were a Stripling, a level 2 human Valkyrie.
 You were neutral, on a mission for Odin
 who was opposed by Tyr (lawful) and Loki (chaotic).
 You were right-handed.
 You were in the Dungeons of Doom, on level 2.
 You entered the dungeon 525 turns ago.
 You had 32 experience points, 8 more were needed to attain level 3.

Basics:
 You had 0 out of 26 hit points.
 You had all 3 energy points (spell power).
 Your armor class was 4.
 Your wallet was empty.
 Autopickup was on for '$?!/="' plus thrown.

Final Characteristics:
 Your strength was 18/01 (limit:18/100).
 Your dexterity was 15 (limit:18).
 Your constitution was 16 (limit:18).
 Your intelligence was 10 (limit:18).
 Your wisdom was 11 (limit:18).
 Your charisma was 7 (limit:18).

Final Status:
 You weren't hungry.
 You were unencumbered.
 You were wielding a spear.
 You had basic skill with spear.

Final Attributes:
 You were fervently aligned.
 You were cold resistant.
 You were warded.
 You are dead.

Miscellaneous:
 You didn't encounter any bones levels.
 Total elapsed playing time was 33 minutes and 23 seconds.

Major events:
 Turn
    1: Kwijibo4686 the neutral human Valkyrie entered the dungeon
  440: entered the Gnomish Mines
  525: killed by a magic missile zapped by a shopkeeper

You didn't know any spells.

Skills:
 Fighting Skills
   bare handed combat [Unskilled]
   two weapon combat  [Unskilled]
   riding             [Unskilled]
 Weapon Skills
   dagger             [Basic]
   axe                [Unskilled]
   pick-axe           [Unskilled]
   short sword        [Unskilled]
   broadsword         [Unskilled]
   long sword         [Unskilled]
   two-handed sword   [Unskilled]
   saber              [Unskilled]
   hammer             [Unskilled]
   quarterstaff       [Unskilled]
   polearms           [Unskilled]
   spear              [Basic]
   trident            [Unskilled]
   lance              [Unskilled]
   sling              [Unskilled]
 Spellcasting Skills
   attack spells      [Unskilled]
   escape spells      [Unskilled]

Voluntary challenges:
 Character rerolling was not enabled.
 You were an atheist.
 You were illiterate.
 You never genocided any monsters.
 You never polymorphed an object.
 You never changed form.
 You used no wishes.
Achievement:
 You entered the Gnomish Mines.

 The Dungeons of Doom: levels 1 to 3
    Level 1:
       A fountain, a sink.
    Level 2: <- You were here.
       A sink.
       Stairs down to The Gnomish Mines.
       Final resting place for
          you, killed by a magic missile zapped by a shopkeeper.
    Level 3:
 The Gnomish Mines:
    Level 3:


Vanquished creatures:
  a gnome leader
  2 gnomes
  2 jackals
  a sewer rat
  a grid bug
  4 lichens
  2 kobold zombies
  3 newts
16 creatures vanquished.

No species were genocided or became extinct.

Game over:
                       ----------
                      /          \
                     /    REST    \
                    /      IN      \
                   /     PEACE      \
                  /                  \
                  |   Kwijibo4686    |
                  |       0 Au       |
                  |   killed by a    |
                  |  magic missile   |
                  |   zapped by a    |
                  |    shopkeeper    |
                  |       2026       |
                 *|     *  *  *      | *
        _________)/\\_//(\/(/\)/\//\/|_)_______

Farvel Kwijibo4686 the Valkyrie...

You died in The Dungeons of Doom on dungeon level 2 with 228 points,
and 0 pieces of gold, after 525 moves.
You were level 2 with a maximum of 26 hit points when you died.

